 Dungeon Crawl Stone Soup version 0.20.1-1-g8b1a95d (webtiles) character file.

1812 Blomdor the Cleaver (level 9, 0/65 HPs)
             Began as a Barachi Conjurer on Sept 18, 2017.
             Slain by an ice beast (3 damage)
             ... on level 6 of the Dungeon on Sept 19, 2017.
             The game lasted 00:14:52 (7295 turns).

Blomdor the Cleaver (Barachi Conjurer)              Turns: 7295, Time: 00:14:53

Health: 0/65       AC:  8    Str: 12    XL:     9   Next: 10%
Magic:  12/12      EV:  9    Int: 19    God:
Gold:   132        SH:  0    Dex: 14    Spells: 11/12 levels left

rFire    . . .     SeeInvis +   f - +0 war axe
rCold    . . .     Gourm    .   (no shield)
rNeg     . . .     Faith    .   d - +1 scale mail
rPois    .         Spirit   .   g - +0 helmet "Cagefif" {+Fly Int+4}
rElec    .         Reflect  .   a - scarf {repulsion}
rCorr    .         Harm     .   (no gloves)
MR       +....                  (no boots)
Stlth    ..........             (no amulet)
Regen    0.2/turn               i - ring of protection from magic
MPRegen  0.2/turn               l - ring of see invisible

@: drained, repel missiles, slow
A: +LOS, swims, slowness 1, strong legs 1
a: Hop, Evoke Flight


You were on level 6 of the Dungeon.
You were not hungry.

You visited 1 branch of the dungeon, and saw 6 of its levels.
You also visited: Ossuary.

You collected 314 gold pieces.
You spent 182 gold pieces at shops.

Inventory:

Hand Weapons
 f - a +0 war axe (weapon)
 t - a +2 short sword of venom
 A - a +2 whip of draining
Armour
 a - a scarf of repulsion (worn)
 d - a +1 scale mail (worn)
 g - the +0 helmet "Cagefif" (worn) {+Fly Int+4}
   (You took it off Robin on level 2 of the Dungeon)

   It affects your intelligence (+4).
   It lets you fly.
Jewellery
 i - a ring of protection from magic (left hand)
 l - a ring of see invisible (right hand)
 y - an uncursed ring of protection from magic
Scrolls
 e - 4 scrolls of teleportation
 k - 2 scrolls of enchant armour
 p - 2 scrolls of remove curse
 r - 2 scrolls of recharging
 s - 2 scrolls of enchant weapon
Potions
 h - 2 potions of heal wounds
 m - a potion of might
 n - 5 potions of curing
 o - 2 potions of flight
 q - a potion of lignification
 u - a potion of cancellation {unknown}
 w - a potion of invisibility
 x - a potion of mutation {unknown}
 z - 2 potions of haste
 B - a potion of resistance {unknown}
 C - a potion of berserk rage {unknown}
Books
 b - a book of Conjurations

   Spells                             Type                      Level
   a - Magic Dart                     Conjuration                  1
   b - Searing Ray                    Conjuration                  2
   c - Dazzling Spray                 Conjuration/Hexes            3
   d - Fulminant Prism                Conjuration/Hexes            4
   e - Force Lance                    Conjuration/Translocation    4
   f - Iskenderun's Mystic Blast      Conjuration                  4
Comestibles
 c - 7 bread rations
 v - a meat ration


   Skills:
 - Level 4.1(3.8) Fighting
 * Level 11.4(11.0) Axes
 - Level 2.0(1.7) Armour
 - Level 2.1(1.9) Dodging
 - Level 1.7(1.5) Stealth
 - Level 2.1(1.9) Spellcasting
 - Level 4.3(4.0) Conjurations


You had 11 spell levels left.
You knew the following spells:

 Your Spells              Type           Power        Failure   Level  Hunger
a - Magic Dart            Conj           ###.         16%         1    #......


Dungeon Overview and Level Annotations

Branches:
Dungeon (6/15)             Temple (0/1) D:6

Altars:
Hepliaklqana

Shops:
D:5 (}}!


Innate Abilities, Weirdness & Mutations

Shadows flee at your approach. (+LOS)
You can swim through water.
You cover ground slowly.
You can hop short distances.


Message History

You barely miss the ice beast. The ice beast hits you.
The ice beast freezes you!
* * * LOW HITPOINT WARNING * * *
You closely miss the ice beast.
The ice beast hits you but does no damage.
You barely miss the ice beast. The ice beast hits you.
* * * LOW HITPOINT WARNING * * *
The ice beast freezes you!
* * * LOW HITPOINT WARNING * * *
You closely miss the ice beast. The ice beast barely misses you.
You hit the ice beast.
The ice beast is lightly wounded.
The ice beast hits you but does no damage.
You slash the ice beast!
The ice beast is moderately wounded.
The ice beast barely misses you.
You hit the ice beast.
The ice beast is moderately wounded.
The ice beast hits you.
You die...

#......##.......####
#......##...#####
#).....####.##
#......# #..#
###############.#
#...............#
#..#..#..#..#...#
#...............#
#>...Y@.........#
#...............#
#..#..#..#..#...#
#...............#
#################


You could see an ice beast.

Vanquished Creatures
  Menkaure (D:5)
  2 sky beasts
  A necrophage (D:5)
  4 ogres
  A centaur (D:5)
  2 wights (D:6)
  2 crimson imps (D:5)
  3 hounds
  4 orc priests
  Jessica (D:1)
  4 orc wizards
  3 worker ants
  2 hound skeletons
  11 mummies (Ossuary)
  Robin (D:2)
  4 gnolls (D:6)
  6 adders
  2 shadow imps
  2 adder zombies (D:5)
  An adder skeleton (D:4)
  4 worms
  A dart slug (D:4)
  3 leopard geckos
  14 orcs
  7 giant cockroaches
  12 goblins
  12 hobgoblins
  13 jackals
  3 quokkas
  A ball python (D:1)
  12 bats
  4 frilled lizards
  2 goblin skeletons (Ossuary)
  A hobgoblin zombie (D:6)
  12 kobolds
  4 kobold skeletons (Ossuary)
  A leopard gecko skeleton (D:3)
  2 orc skeletons (Ossuary)
  8 rats
  11 rat skeletons (Ossuary)
  A rat zombie (D:6)
185 creatures vanquished.

Notes
Turn   | Place    | Note
-------+----------+-------------------------------------------
     0 | D:1      | Blomdor the Barachi Conjurer began the quest for the Orb.
     0 | D:1      | Reached XP level 1. HP: 13/13 MP: 3/3
   100 | D:1      | Reached skill level 1 in Fighting
   231 | D:1      | Reached XP level 2. HP: 10/22 MP: 3/5
   599 | D:1      | Reached XP level 3. HP: 23/29 MP: 6/6
  1088 | D:2      | Noticed Jessica
  1089 | D:2      | Noticed Robin
  1100 | D:1      | Killed Jessica
  1100 | D:1      | Reached skill level 1 in Armour
  1100 | D:1      | Reached XP level 4. HP: 37/37 MP: 7/7
  1774 | D:2      | Killed Robin
  1776 | D:2      | Got a brightly glowing helmet
  1788 | D:2      | Identified the cursed +0 helmet "Cagefif" {+Fly Int+4} (You took it off Robin on level 2 of the Dungeon)
  1990 | D:2      | Reached skill level 1 in Axes
  2491 | D:2      | Reached XP level 5. HP: 35/42 MP: 8/8
  2527 | D:2      | Reached skill level 2 in Axes
  3351 | D:3      | Reached skill level 3 in Axes
  3956 | D:4      | Reached skill level 4 in Axes
  3956 | D:4      | Reached XP level 6. HP: 45/48 MP: 9/9
  4006 | D:4      | HP: 2/48 [ogre/giant club (27)]
  4009 | D:4      | Reached skill level 5 in Axes
  4137 | D:4      | Reached skill level 6 in Axes
  4137 | D:4      | Reached XP level 7. HP: 40/54 MP: 10/10
  4518 | D:4      | Reached skill level 7 in Axes
  4699 | D:5      | Entered Level 5 of the Dungeon
  4948 | D:5      | Found Apopeori's Gadget Shop.
  4983 | D:5      | Reached skill level 8 in Axes
  5054 | D:5      | Reached XP level 8. HP: 41/60 MP: 11/11
  5261 | D:5      | Reached skill level 9 in Axes
  5289 | D:5      | Noticed Menkaure
  5298 | D:5      | Killed Menkaure
  5532 | D:5      | Found Ythuef's Gadget Shop.
  5538 | D:5      | Found a hazy altar of Hepliaklqana.
  5677 | D:5      | Found Yluuvitall's Distillery.
  5680 | D:5      | Bought a potion of curing for 39 gold pieces
  5680 | D:5      | Bought a potion of curing for 39 gold pieces
  5680 | D:5      | Bought a potion of heal wounds for 65 gold pieces
  5680 | D:5      | Bought a potion of lignification for 39 gold pieces
  5754 | D:5      | Found Qeakk's Weapon Shoppe.
  5842 | D:6      | Found a sand-covered staircase.
  5871 | Ossuary  | Entered an ossuary
  6156 | Ossuary  | Reached skill level 10 in Axes
  6925 | D:6      | Reached skill level 11 in Axes
  6925 | D:6      | Reached XP level 9. HP: 53/65 MP: 12/12
  7282 | D:6      | Found a staircase to the Ecumenical Temple.
  7291 | D:6      | HP: 2/65 [ice beast (9)]
  7295 | D:6      | Slain by an ice beast

Skill      XL: |  1  2  3  4  5  6  7  8 |
---------------+-------------------------+-----
Fighting       | 2 3 4 |  4.1
Armour         | 1 2 |  2.0
Axes           | 1 4 6 8 11 | 11.4
Dodging        | |  2.1
Stealth        | |  1.7
Spellcasting   | |  2.1
Conjurations   | |  4.3

Action                   |  1- 3 |  4- 6 |  7- 9 || total
-------------------------+-------+-------+-------++-------
Melee: Dagger            |    20 |       |       ||    20
       Short sword       |   109 |   202 |    50 ||   361
       Hand axe          |       |   150 |    18 ||   168
       Whip              |       |       |   195 ||   195
       War axe           |       |       |   169 ||   169
 Cast: Magic Dart        |    10 |     5 |     1 ||    16
 Abil: Hop               |       |     2 |     3 ||     5
       Evoke Flight      |       |       |     1 ||     1
  Use: Scroll            |     2 |     5 |     5 ||    12
       Potion            |       |     4 |     5 ||     9
  Eat: Chunk             |     1 |     9 |     9 ||    19
       Fruit             |       |     3 |     1 ||     4
       Royal jelly       |       |       |     1 ||     1
Armor: Scale mail        |    83 |   197 |   139 ||   419
Dodge: Dodged            |    73 |   192 |   136 ||   401
       Deflected         |       |     8 |     2 ||    10
